 Dungeon Crawl Stone Soup version 0.20-a0-433-g9e36e56 (webtiles) character file.

29 Asddderdsw the Ruffian (level 3, -4/28 HPs)
             Began as a Draconian Transmuter on Jan 4, 2017.
             Shot with an arrow by a centaur (5 damage)
             ... on level 3 of the Dungeon.
             The game lasted 00:21:18 (1424 turns).

Asddderdsw the Ruffian (Draconian Transmuter)       Turns: 1424, Time: 00:21:19

Health: -4/28      AC:  6    Str: 12    XL:     3   Next: 1%
Magic:  6/6        EV: 12    Int: 14    God:
Gold:   64         SH:  0    Dex: 11    Spells: 3/6 levels left

rFire  . . .     SeeInvis .     v - +1 short sword (flame)
rCold  + . .     Gourm    .     (armour unavailable)
rNeg   . . .     Faith    .     (no shield)
rPois  .         Spirit   .     u - +1 hat
rElec  .         Reflect  .     (no cloak)
rCorr  .         Harm     .     (no gloves)
MR     .....     Rnd*Rage +     (no boots)
Stlth  +.........               (no amulet)
                                (no ring)
                                q - ring of protection from cold

@: no status effects
A: unfitting armour, hooves 1, berserk 1, deterioration 1, cold-blooded, AC +5
a: no special abilities


You were on level 3 of the Dungeon.
You were not hungry.

You visited 1 branch of the dungeon, and saw 3 of its levels.

You collected 64 gold pieces.

Inventory:

Hand Weapons
 m - a +0 dagger
 p - a +0 club
 s - a +0 short sword
 v - a +1 short sword of flaming (weapon)
Missiles
 a - 75 arrows
 d - 106 stones (quivered)
 r - 8 needles of sleeping
Armour
 f - a +0 leather armour
 u - a +1 hat (worn)
Jewellery
 q - a ring of protection from cold (left hand)
Scrolls
 e - a scroll of blinking {unknown}
 g - 4 scrolls of teleportation {unknown}
 j - 4 scrolls of remove curse {unknown}
 k - a scroll of enchant weapon {unknown}
 t - a scroll of enchant armour {unknown}
Potions
 h - a potion of agility
 i - a potion of heal wounds
Books
 b - a book of Changes

   Spells                             Type                      Level
   a - Beastly Appendage              Transmutation                1
   b - Sticks to Snakes               Transmutation                2
   c - Spider Form                    Transmutation/Poison         3
   d - Ice Form                       Ice/Transmutation            4
   e - Blade Hands                    Transmutation                5
Comestibles
 c - 4 bread rations
 n - a beef jerky
 w - a chunk of flesh


   Skills:
 + Level 1.2 Fighting
 + Level 0.2 Short Blades
 + Level 2.1 Dodging
 + Level 3.7 Unarmed Combat
 + Level 2.1 Spellcasting
 + Level 2.0 Transmutations


You had 3 spell levels left.
You knew the following spells:

 Your Spells              Type           Power        Failure   Level  Hunger
a - Beastly Appendage     Tmut           #.....       12%         1    ##.....
b - Sticks to Snakes      Tmut           #.......     17%         2    ###....


Dungeon Overview and Level Annotations

Branches:
Dungeon (3/15)

Altars:
Elyvilon
Hepliaklqana
Kikubaaqudgha
Makhleb
Sif Muna
Uskayaw
Vehumet

Annotations:
D:3 1 runed door


Innate Abilities, Weirdness & Mutations

Your plain brown scales are hard. (AC +5)
You cannot fit into any form of body armour.
You are cold-blooded and may be slowed by cold attacks.
You have large cloven feet.
You tend to lose your temper in combat.
Your body sometimes deteriorates upon taking damage.


Message History

You hit the rat. You burn the rat.
You kill the rat!
An orc comes into view. It is wielding a mace.
A hobgoblin comes into view.
The orc shouts!
The orc throws a stone.
The stone hits you but does no damage.
An adder comes into view.
You see here a stone.
A centaur comes into view.
The orc throws a stone.
The stone hits you.
You see here 2 stones.
d - 106 stones (gained 2)
The centaur wields a runed shortbow.
It bursts into flame!
The centaur shoots an arrow.
The arrow hits you! The arrow burns you.
An orc comes into view.
The orc throws a stone.
The stone closely misses you.
The centaur shoots an arrow.
The arrow hits you!
* * * LOW HITPOINT WARNING * * *
The arrow burns you.
You die...

#<..##............
#####.##.#..######.#
#.....##.##.# ..##
##'######.##.#####...###
.....####.##..##..._...#
.......^..###.##._.!...#.
.....###### #.#.....c...o
.....# #..._..⌠o._..
.....# ##..@.g.....#
.....# #...(..S_.##
.....# ##...._...# .....#
#..#....... .....#
##.#..####. .....# #..#.#
###### ##.#.# # ...# ....


You could see a centaur, an adder, an orc and a hobgoblin.

Vanquished Creatures
  An adder (D:2)
  2 dart slugs (D:2)
  A leopard gecko (D:1)
  4 bats
  5 kobolds
  3 rats
16 creatures vanquished.

Notes
Turn   | Place    | Note
-------+----------+-------------------------------------------
     0 | D:1      | Asddderdsw the Draconian Transmuter began the quest for the Orb.
     0 | D:1      | Reached XP level 1. HP: 16/16 MP: 3/3
   509 | D:1      | Reached XP level 2. HP: 20/23 MP: 5/5
  1201 | D:3      | Found a white marble altar of Elyvilon.
  1203 | D:3      | Noticed an angel
  1208 | D:3      | Reached XP level 3. HP: 17/28 MP: 6/6
  1213 | D:3      | Learned a level 2 spell: Sticks to Snakes
  1227 | D:3      | Found a runed door.
  1232 | D:3      | Gained mutation: You tend to lose your temper in combat. [potion of mutation]
  1232 | D:3      | Gained mutation: Your body sometimes deteriorates upon taking damage. [potion of mutation]
  1232 | D:3      | Gained mutation: You have large cloven feet. [potion of mutation]
  1408 | D:3      | Found a hazy altar of Hepliaklqana.
  1408 | D:3      | Found a deep blue altar of Sif Muna.
  1409 | D:3      | Found a hide-covered altar of Uskayaw.
  1409 | D:3      | Found a radiant altar of Vehumet.
  1410 | D:3      | Found a burning altar of Makhleb.
  1411 | D:3      | Found an ancient bone altar of Kikubaaqudgha.
  1421 | D:3      | Noticed a centaur
  1424 | D:3      | HP: 1/28 [centaur/arrow (10)]
  1424 | D:3      | Shot with an arrow by a centaur

Vault maps used:
D:1:      nicolae_arrival_memento_mori
D:2:      first_bread, minmay_misc_feat_enclosed
D:3:      grunt_temple_overflow_open, serial_bayou_pond_e,
          kennysheep_flooded_box, lemuel_angel_altar, uniq_sigmund

Skill      XL: |  1  2 |
---------------+-------+-----
Dodging        | 2 |  2.1
Fighting       | |  1.2
Short Blades   | |  0.2
Unarmed Combat | |  3.7
Spellcasting   | |  2.1
Transmutations | |  2.0

Action                   || total
-------------------------++-------
Melee: Unarmed           ||    35
       Dagger            ||    32
       Kick              ||     1
       Short sword       ||    14
       Tailslap          ||     4
       Headbutt          ||     3
       Punch             ||     1
Throw: Stone             ||     4
 Cast: Beastly Appendage ||     5
  Use: Scroll            ||     5
       Potion            ||     2
  Eat: Chunk             ||     2
Armor: Skin              ||    75
Dodge: Dodged            ||   146
